%YAML 1.1
%TAG !u! tag:unity3d.com,2011:
--- !u!1 &4162483143772899871
GameObject:
  m_ObjectHideFlags: 0
  m_CorrespondingSourceObject: {fileID: 0}
  m_PrefabInstance: {fileID: 0}
  m_PrefabAsset: {fileID: 0}
  serializedVersion: 6
  m_Component:
  - component: {fileID: 7567832139822805536}
  - component: {fileID: 2916663104512157089}
  - component: {fileID: 3639913473048983395}
  m_Layer: 0
  m_Name: Donkey
  m_TagString: Untagged
  m_Icon: {fileID: 0}
  m_NavMeshLayer: 0
  m_StaticEditorFlags: 0
  m_IsActive: 1
--- !u!4 &7567832139822805536
Transform:
  m_ObjectHideFlags: 0
  m_CorrespondingSourceObject: {fileID: 0}
  m_PrefabInstance: {fileID: 0}
  m_PrefabAsset: {fileID: 0}
  m_GameObject: {fileID: 4162483143772899871}
  m_LocalRotation: {x: 0, y: 0.7071068, z: 0, w: 0.7071068}
  m_LocalPosition: {x: 0, y: -3, z: 0}
  m_LocalScale: {x: 4, y: 4, z: 4}
  m_Children:
  - {fileID: 5492309420736304568}
  - {fileID: 5492309422070262751}
  - {fileID: 5492309421227675660}
  - {fileID: 5492309420468886343}
  m_Father: {fileID: 0}
  m_RootOrder: 0
  m_LocalEulerAnglesHint: {x: 0, y: 90, z: 0}
--- !u!65 &2916663104512157089
BoxCollider:
  m_ObjectHideFlags: 0
  m_CorrespondingSourceObject: {fileID: 0}
  m_PrefabInstance: {fileID: 0}
  m_PrefabAsset: {fileID: 0}
  m_GameObject: {fileID: 4162483143772899871}
  m_Material: {fileID: 0}
  m_IsTrigger: 1
  m_Enabled: 1
  serializedVersion: 2
  m_Size: {x: 1.6309025, y: 1.0753269, z: 1.2602732}
  m_Center: {x: -0.3154515, y: 0.7815144, z: -0.02957654}
--- !u!114 &3639913473048983395
MonoBehaviour:
  m_ObjectHideFlags: 0
  m_CorrespondingSourceObject: {fileID: 0}
  m_PrefabInstance: {fileID: 0}
  m_PrefabAsset: {fileID: 0}
  m_GameObject: {fileID: 4162483143772899871}
  m_Enabled: 1
  m_EditorHideFlags: 0
  m_Script: {fileID: 11500000, guid: 38f35c3d49a2064498dda608b32476ba, type: 3}
  m_Name: 
  m_EditorClassIdentifier: 
--- !u!1001 &5454460773230840884
PrefabInstance:
  m_ObjectHideFlags: 0
  serializedVersion: 2
  m_Modification:
    m_TransformParent: {fileID: 7567832139822805536}
    m_Modifications:
    - target: {fileID: -8679921383154817045, guid: 3c197787268af6b48ad31cf4f157f867,
        type: 3}
      propertyPath: m_LocalPosition.x
      value: 0
      objectReference: {fileID: 0}
    - target: {fileID: -8679921383154817045, guid: 3c197787268af6b48ad31cf4f157f867,
        type: 3}
      propertyPath: m_LocalPosition.y
      value: 0
      objectReference: {fileID: 0}
    - target: {fileID: -8679921383154817045, guid: 3c197787268af6b48ad31cf4f157f867,
        type: 3}
      propertyPath: m_LocalPosition.z
      value: 0
      objectReference: {fileID: 0}
    - target: {fileID: -8679921383154817045, guid: 3c197787268af6b48ad31cf4f157f867,
        type: 3}
      propertyPath: m_LocalRotation.x
      value: -0
      objectReference: {fileID: 0}
    - target: {fileID: -8679921383154817045, guid: 3c197787268af6b48ad31cf4f157f867,
        type: 3}
      propertyPath: m_LocalRotation.y
      value: -0.7071068
      objectReference: {fileID: 0}
    - target: {fileID: -8679921383154817045, guid: 3c197787268af6b48ad31cf4f157f867,
        type: 3}
      propertyPath: m_LocalRotation.z
      value: -0
      objectReference: {fileID: 0}
    - target: {fileID: -8679921383154817045, guid: 3c197787268af6b48ad31cf4f157f867,
        type: 3}
      propertyPath: m_LocalRotation.w
      value: 0.7071068
      objectReference: {fileID: 0}
    - target: {fileID: -8679921383154817045, guid: 3c197787268af6b48ad31cf4f157f867,
        type: 3}
      propertyPath: m_RootOrder
      value: 1
      objectReference: {fileID: 0}
    - target: {fileID: -8679921383154817045, guid: 3c197787268af6b48ad31cf4f157f867,
        type: 3}
      propertyPath: m_LocalEulerAnglesHint.x
      value: 0
      objectReference: {fileID: 0}
    - target: {fileID: -8679921383154817045, guid: 3c197787268af6b48ad31cf4f157f867,
        type: 3}
      propertyPath: m_LocalEulerAnglesHint.y
      value: -90
      objectReference: {fileID: 0}
    - target: {fileID: -8679921383154817045, guid: 3c197787268af6b48ad31cf4f157f867,
        type: 3}
      propertyPath: m_LocalEulerAnglesHint.z
      value: 0
      objectReference: {fileID: 0}
    - target: {fileID: -8679921383154817045, guid: 3c197787268af6b48ad31cf4f157f867,
        type: 3}
      propertyPath: m_LocalScale.x
      value: 81.52078
      objectReference: {fileID: 0}
    - target: {fileID: -8679921383154817045, guid: 3c197787268af6b48ad31cf4f157f867,
        type: 3}
      propertyPath: m_LocalScale.y
      value: 81.52079
      objectReference: {fileID: 0}
    - target: {fileID: -8679921383154817045, guid: 3c197787268af6b48ad31cf4f157f867,
        type: 3}
      propertyPath: m_LocalScale.z
      value: 81.52078
      objectReference: {fileID: 0}
    - target: {fileID: 919132149155446097, guid: 3c197787268af6b48ad31cf4f157f867,
        type: 3}
      propertyPath: m_Name
      value: donkey
      objectReference: {fileID: 0}
    - target: {fileID: 4764825154686620690, guid: 3c197787268af6b48ad31cf4f157f867,
        type: 3}
      propertyPath: m_Materials.Array.data[0]
      value: 
      objectReference: {fileID: 2100000, guid: e5ead8f150ffd6448a8cf4d2279fb15d, type: 2}
    - target: {fileID: 6062191266692625713, guid: 3c197787268af6b48ad31cf4f157f867,
        type: 3}
      propertyPath: m_Materials.Array.data[0]
      value: 
      objectReference: {fileID: 2100000, guid: e46ac6556a4555d4eb06118e6bd6e507, type: 2}
    m_RemovedComponents: []
  m_SourcePrefab: {fileID: 100100000, guid: 3c197787268af6b48ad31cf4f157f867, type: 3}
--- !u!4 &5492309422070262751 stripped
Transform:
  m_CorrespondingSourceObject: {fileID: -8679921383154817045, guid: 3c197787268af6b48ad31cf4f157f867,
    type: 3}
  m_PrefabInstance: {fileID: 5454460773230840884}
  m_PrefabAsset: {fileID: 0}
--- !u!1001 &5454460774048331751
PrefabInstance:
  m_ObjectHideFlags: 0
  serializedVersion: 2
  m_Modification:
    m_TransformParent: {fileID: 7567832139822805536}
    m_Modifications:
    - target: {fileID: -8679921383154817045, guid: 13cfde16331e1d94e9cc694043a85569,
        type: 3}
      propertyPath: m_LocalPosition.x
      value: -0.464
      objectReference: {fileID: 0}
    - target: {fileID: -8679921383154817045, guid: 13cfde16331e1d94e9cc694043a85569,
        type: 3}
      propertyPath: m_LocalPosition.y
      value: 0.271
      objectReference: {fileID: 0}
    - target: {fileID: -8679921383154817045, guid: 13cfde16331e1d94e9cc694043a85569,
        type: 3}
      propertyPath: m_LocalPosition.z
      value: 0.371
      objectReference: {fileID: 0}
    - target: {fileID: -8679921383154817045, guid: 13cfde16331e1d94e9cc694043a85569,
        type: 3}
      propertyPath: m_LocalRotation.x
      value: 0.50000006
      objectReference: {fileID: 0}
    - target: {fileID: -8679921383154817045, guid: 13cfde16331e1d94e9cc694043a85569,
        type: 3}
      propertyPath: m_LocalRotation.y
      value: -0.50000006
      objectReference: {fileID: 0}
    - target: {fileID: -8679921383154817045, guid: 13cfde16331e1d94e9cc694043a85569,
        type: 3}
      propertyPath: m_LocalRotation.z
      value: 0.5
      objectReference: {fileID: 0}
    - target: {fileID: -8679921383154817045, guid: 13cfde16331e1d94e9cc694043a85569,
        type: 3}
      propertyPath: m_LocalRotation.w
      value: 0.5
      objectReference: {fileID: 0}
    - target: {fileID: -8679921383154817045, guid: 13cfde16331e1d94e9cc694043a85569,
        type: 3}
      propertyPath: m_RootOrder
      value: 2
      objectReference: {fileID: 0}
    - target: {fileID: -8679921383154817045, guid: 13cfde16331e1d94e9cc694043a85569,
        type: 3}
      propertyPath: m_LocalEulerAnglesHint.x
      value: 90.00001
      objectReference: {fileID: 0}
    - target: {fileID: -8679921383154817045, guid: 13cfde16331e1d94e9cc694043a85569,
        type: 3}
      propertyPath: m_LocalEulerAnglesHint.y
      value: 0
      objectReference: {fileID: 0}
    - target: {fileID: -8679921383154817045, guid: 13cfde16331e1d94e9cc694043a85569,
        type: 3}
      propertyPath: m_LocalEulerAnglesHint.z
      value: 90
      objectReference: {fileID: 0}
    - target: {fileID: -8679921383154817045, guid: 13cfde16331e1d94e9cc694043a85569,
        type: 3}
      propertyPath: m_LocalScale.x
      value: 0.08212891
      objectReference: {fileID: 0}
    - target: {fileID: -8679921383154817045, guid: 13cfde16331e1d94e9cc694043a85569,
        type: 3}
      propertyPath: m_LocalScale.y
      value: 0.1263522
      objectReference: {fileID: 0}
    - target: {fileID: -8679921383154817045, guid: 13cfde16331e1d94e9cc694043a85569,
        type: 3}
      propertyPath: m_LocalScale.z
      value: 0.1263522
      objectReference: {fileID: 0}
    - target: {fileID: 919132149155446097, guid: 13cfde16331e1d94e9cc694043a85569,
        type: 3}
      propertyPath: m_Name
      value: TireB_Slk (2)
      objectReference: {fileID: 0}
    - target: {fileID: 7580722631626763494, guid: 13cfde16331e1d94e9cc694043a85569,
        type: 3}
      propertyPath: m_LocalPosition.z
      value: 3.92
      objectReference: {fileID: 0}
    m_RemovedComponents: []
  m_SourcePrefab: {fileID: 100100000, guid: 13cfde16331e1d94e9cc694043a85569, type: 3}
--- !u!4 &5492309421227675660 stripped
Transform:
  m_CorrespondingSourceObject: {fileID: -8679921383154817045, guid: 13cfde16331e1d94e9cc694043a85569,
    type: 3}
  m_PrefabInstance: {fileID: 5454460774048331751}
  m_PrefabAsset: {fileID: 0}
--- !u!1001 &5454460774564606547
PrefabInstance:
  m_ObjectHideFlags: 0
  serializedVersion: 2
  m_Modification:
    m_TransformParent: {fileID: 7567832139822805536}
    m_Modifications:
    - target: {fileID: -8679921383154817045, guid: 4d953a606df7c2f4da289902e37aa39c,
        type: 3}
      propertyPath: m_LocalPosition.x
      value: 0
      objectReference: {fileID: 0}
    - target: {fileID: -8679921383154817045, guid: 4d953a606df7c2f4da289902e37aa39c,
        type: 3}
      propertyPath: m_LocalPosition.y
      value: 0.621
      objectReference: {fileID: 0}
    - target: {fileID: -8679921383154817045, guid: 4d953a606df7c2f4da289902e37aa39c,
        type: 3}
      propertyPath: m_LocalPosition.z
      value: 0
      objectReference: {fileID: 0}
    - target: {fileID: -8679921383154817045, guid: 4d953a606df7c2f4da289902e37aa39c,
        type: 3}
      propertyPath: m_LocalRotation.x
      value: -0
      objectReference: {fileID: 0}
    - target: {fileID: -8679921383154817045, guid: 4d953a606df7c2f4da289902e37aa39c,
        type: 3}
      propertyPath: m_LocalRotation.y
      value: -0.7071068
      objectReference: {fileID: 0}
    - target: {fileID: -8679921383154817045, guid: 4d953a606df7c2f4da289902e37aa39c,
        type: 3}
      propertyPath: m_LocalRotation.z
      value: -0
      objectReference: {fileID: 0}
    - target: {fileID: -8679921383154817045, guid: 4d953a606df7c2f4da289902e37aa39c,
        type: 3}
      propertyPath: m_LocalRotation.w
      value: 0.7071068
      objectReference: {fileID: 0}
    - target: {fileID: -8679921383154817045, guid: 4d953a606df7c2f4da289902e37aa39c,
        type: 3}
      propertyPath: m_RootOrder
      value: 0
      objectReference: {fileID: 0}
    - target: {fileID: -8679921383154817045, guid: 4d953a606df7c2f4da289902e37aa39c,
        type: 3}
      propertyPath: m_LocalEulerAnglesHint.x
      value: 0
      objectReference: {fileID: 0}
    - target: {fileID: -8679921383154817045, guid: 4d953a606df7c2f4da289902e37aa39c,
        type: 3}
      propertyPath: m_LocalEulerAnglesHint.y
      value: -90
      objectReference: {fileID: 0}
    - target: {fileID: -8679921383154817045, guid: 4d953a606df7c2f4da289902e37aa39c,
        type: 3}
      propertyPath: m_LocalEulerAnglesHint.z
      value: 0
      objectReference: {fileID: 0}
    - target: {fileID: -7635826562936255635, guid: 4d953a606df7c2f4da289902e37aa39c,
        type: 3}
      propertyPath: m_Materials.Array.data[0]
      value: 
      objectReference: {fileID: 2100000, guid: deb601c9cfd866f4b907dd6836cb7d05, type: 2}
    - target: {fileID: 919132149155446097, guid: 4d953a606df7c2f4da289902e37aa39c,
        type: 3}
      propertyPath: m_Name
      value: Landship
      objectReference: {fileID: 0}
    m_RemovedComponents: []
  m_SourcePrefab: {fileID: 100100000, guid: 4d953a606df7c2f4da289902e37aa39c, type: 3}
--- !u!4 &5492309420736304568 stripped
Transform:
  m_CorrespondingSourceObject: {fileID: -8679921383154817045, guid: 4d953a606df7c2f4da289902e37aa39c,
    type: 3}
  m_PrefabInstance: {fileID: 5454460774564606547}
  m_PrefabAsset: {fileID: 0}
--- !u!1001 &5454460774831963308
PrefabInstance:
  m_ObjectHideFlags: 0
  serializedVersion: 2
  m_Modification:
    m_TransformParent: {fileID: 7567832139822805536}
    m_Modifications:
    - target: {fileID: -8679921383154817045, guid: 13cfde16331e1d94e9cc694043a85569,
        type: 3}
      propertyPath: m_LocalPosition.x
      value: -0.464
      objectReference: {fileID: 0}
    - target: {fileID: -8679921383154817045, guid: 13cfde16331e1d94e9cc694043a85569,
        type: 3}
      propertyPath: m_LocalPosition.y
      value: 0.271
      objectReference: {fileID: 0}
    - target: {fileID: -8679921383154817045, guid: 13cfde16331e1d94e9cc694043a85569,
        type: 3}
      propertyPath: m_LocalPosition.z
      value: -0.407
      objectReference: {fileID: 0}
    - target: {fileID: -8679921383154817045, guid: 13cfde16331e1d94e9cc694043a85569,
        type: 3}
      propertyPath: m_LocalRotation.x
      value: 0.50000006
      objectReference: {fileID: 0}
    - target: {fileID: -8679921383154817045, guid: 13cfde16331e1d94e9cc694043a85569,
        type: 3}
      propertyPath: m_LocalRotation.y
      value: -0.50000006
      objectReference: {fileID: 0}
    - target: {fileID: -8679921383154817045, guid: 13cfde16331e1d94e9cc694043a85569,
        type: 3}
      propertyPath: m_LocalRotation.z
      value: 0.5
      objectReference: {fileID: 0}
    - target: {fileID: -8679921383154817045, guid: 13cfde16331e1d94e9cc694043a85569,
        type: 3}
      propertyPath: m_LocalRotation.w
      value: 0.5
      objectReference: {fileID: 0}
    - target: {fileID: -8679921383154817045, guid: 13cfde16331e1d94e9cc694043a85569,
        type: 3}
      propertyPath: m_RootOrder
      value: 3
      objectReference: {fileID: 0}
    - target: {fileID: -8679921383154817045, guid: 13cfde16331e1d94e9cc694043a85569,
        type: 3}
      propertyPath: m_LocalEulerAnglesHint.x
      value: 90.00001
      objectReference: {fileID: 0}
    - target: {fileID: -8679921383154817045, guid: 13cfde16331e1d94e9cc694043a85569,
        type: 3}
      propertyPath: m_LocalEulerAnglesHint.y
      value: 0
      objectReference: {fileID: 0}
    - target: {fileID: -8679921383154817045, guid: 13cfde16331e1d94e9cc694043a85569,
        type: 3}
      propertyPath: m_LocalEulerAnglesHint.z
      value: 90
      objectReference: {fileID: 0}
    - target: {fileID: -8679921383154817045, guid: 13cfde16331e1d94e9cc694043a85569,
        type: 3}
      propertyPath: m_LocalScale.x
      value: 0.08212891
      objectReference: {fileID: 0}
    - target: {fileID: -8679921383154817045, guid: 13cfde16331e1d94e9cc694043a85569,
        type: 3}
      propertyPath: m_LocalScale.y
      value: 0.1263522
      objectReference: {fileID: 0}
    - target: {fileID: -8679921383154817045, guid: 13cfde16331e1d94e9cc694043a85569,
        type: 3}
      propertyPath: m_LocalScale.z
      value: 0.1263522
      objectReference: {fileID: 0}
    - target: {fileID: 919132149155446097, guid: 13cfde16331e1d94e9cc694043a85569,
        type: 3}
      propertyPath: m_Name
      value: TireB_Slk (3)
      objectReference: {fileID: 0}
    - target: {fileID: 7580722631626763494, guid: 13cfde16331e1d94e9cc694043a85569,
        type: 3}
      propertyPath: m_LocalPosition.z
      value: 3.92
      objectReference: {fileID: 0}
    m_RemovedComponents: []
  m_SourcePrefab: {fileID: 100100000, guid: 13cfde16331e1d94e9cc694043a85569, type: 3}
--- !u!4 &5492309420468886343 stripped
Transform:
  m_CorrespondingSourceObject: {fileID: -8679921383154817045, guid: 13cfde16331e1d94e9cc694043a85569,
    type: 3}
  m_PrefabInstance: {fileID: 5454460774831963308}
  m_PrefabAsset: {fileID: 0}
